 Dungeon Crawl Stone Soup version 0.20.1-1-g8b1a95d (webtiles) character file.

91 Folque the Magician (level 4, 0/29 HPs)
             Began as an Octopode Wizard on Nov 8, 2017.
             Shot with a sling bullet by a goblin (5 damage)
             ... on level 3 of the Dungeon.
             The game lasted 00:12:01 (2991 turns).

Folque the Magician (Octopode Wizard)               Turns: 2991, Time: 00:12:01

Health: 0/29       AC:  1    Str:  6    XL:     4   Next: 57%
Magic:  1/9        EV: 13    Int: 21    God:
Gold:   63         SH:  0    Dex: 10    Spells: 2/10 levels left

rFire    . . .     SeeInvis .   m - +1 dagger (venom)
rCold    . . .     Gourm    .   (no shield)
rNeg     . . .     Faith    .   a - +0 hat
rPois    .         Spirit   .   (no amulet)
rElec    .         Reflect  .   r - ring of protection from magic
rCorr    .         Harm     .   (no ring)
MR       +....                  (no ring)
Stlth    +++.......             (no ring)
Regen    0.1/turn               (no ring)
MPRegen  0.2/turn               (no ring)
                                (no ring)
                                (no ring)

@: no status effects
A: almost no armour, stealthy swim, amphibious, 8 rings, constrict 8, camouflage
1, gelatinous body 1
a: no special abilities


You were on level 3 of the Dungeon.
You were not hungry.

You visited 1 branch of the dungeon, and saw 3 of its levels.

You collected 63 gold pieces.

Inventory:

Hand Weapons
 g - a +0 dagger
 j - a +0 short sword
 m - a +1 dagger of venom (weapon)
Armour
 a - a +0 hat (worn)
Jewellery
 r - a ring of protection from magic (left tentacle)
Scrolls
 h - 2 scrolls of magic mapping
 i - 3 scrolls of identify
 p - a scroll of remove curse
Potions
 d - a potion of agility {unknown}
 f - a potion of lignification {unknown}
 l - a potion of curing
 q - a potion of might {unknown}
 s - 2 potions of flight
 t - a potion of ambrosia {unknown}
Books
 b - a book of Minor Magic

   Spells                             Type                      Level
   a - Magic Dart                     Conjuration                  1
   b - Blink                          Translocation                2
   c - Call Imp                       Summoning                    2
   d - Slow                           Hexes                        2
   e - Conjure Flame                  Conjuration/Fire             3
   f - Mephitic Cloud                 Conjuration/Poison/Air       3
Comestibles
 c - 3 bread rations
 k - 2 royal jellies


   Skills:
 - Level 2.0 Fighting
 - Level 2.0 Dodging
 - Level 2.6 Stealth
 + Level 3.7 Spellcasting
 + Level 1.3 Conjurations
 - Level 1.0 Summonings
 - Level 1.0 Translocations
 * Level 2.4 Poison Magic


You had 2 spell levels left.
You knew the following spells:

 Your Spells              Type           Power        Failure   Level  Hunger
a - Magic Dart            Conj           #...         8%          1    None
b - Call Imp              Summ           #.......     12%         2    ##.....
c - Blink                 Tloc           N/A          12%         2    ##.....
d - Mephitic Cloud        Conj/Pois/Air  #.......     22%         3    ###....


Dungeon Overview and Level Annotations

Branches:
Dungeon (3/15)

Altars:
Fedhas
Qazlal
Zin

Shops:
D:2 *

Annotations:
D:3 Robin; Terence; nago's ghost, amateur VSIE


Innate Abilities, Weirdness & Mutations

You cannot wear most types of armour.
You are very stealthy in the water. (Stealth+)
You are amphibious.
You can wear up to eight rings at the same time.
You can use your tentacles to constrict eight enemies at once.
Your skin changes colour to match your surroundings (Stealth+).
Your rubbery body absorbs attacks. (AC +1, EV +1)


Message History

The goblin shoots a stone.
The stone hits you!
The goblin shoots a sling bullet.
The sling bullet hits you but does no damage.
The orc hits your crimson imp with a short sword.
Items here: $ (( ) ÷ a sling bullet; a stone; 10 gold pieces; a club; a hobgoblin skeleton The hobgoblin shouts!
The goblin unwields an uncursed hunting sling.
The goblin wields an uncursed club.
The goblin hits you with an uncursed club.
* * * LOW HITPOINT WARNING * * *
The goblin shoots a sling bullet.
The sling bullet misses your crimson imp.
The sling bullet misses you.
Your crimson imp blinks!
You see here a sling bullet.
You barely miss the goblin. You grab the goblin. You constrict the goblin.
The goblin closely misses you.
The goblin shoots a sling bullet.
The sling bullet hits you.
You die... g.o

. ##. #.# .o ..
#..###.####### .
...##.#..........#
.#........5.g.....#
###.o.................#
...........g...o§.....#
o..........g......>...#
###.##.....g.o...(...(#
..........#.....@÷<.###
###...... #.#..g#####
........ #.#...#
....... #.#...# .......
#.##### ......# #.
.....## ...#.# ...#.#


You could see Robin (confused), 2 orcs, a hobgoblin, 3 goblins and a friendly
crimson imp.

Vanquished Creatures
  An adder (D:3)
  A dart slug (D:1)
  3 leopard geckos
  2 orcs
  A giant cockroach (D:2)
  13 goblins
  10 hobgoblins
  7 bats
  5 frilled lizards
  6 kobolds
  7 rats
  A bush (D:2)
  2 fungi (D:2)
59 creatures vanquished.

Vanquished Creatures (collateral kills)
  An adder (D:2)
  An ooze (D:2)
  A worm (D:2)
  An orc (D:3)
  4 goblins (D:3)
  2 hobgoblins (D:3)
10 creatures vanquished.

Grand Total: 69 creatures vanquished

Notes
Turn   | Place    | Note
-------+----------+-------------------------------------------
     0 | D:1      | Folque the Octopode Wizard began the quest for the Orb.
     0 | D:1      | Reached XP level 1. HP: 11/11 MP: 4/4
   187 | D:1      | Reached XP level 2. HP: 18/18 MP: 1/6
   195 | D:1      | Reached skill level 1 in Fighting
   649 | D:1      | Learned a level 2 spell: Call Imp
   652 | D:1      | Learned a level 2 spell: Blink
  1137 | D:2      | Reached XP level 3. HP: 24/24 MP: 7/7
  1251 | D:2      | Learned a level 3 spell: Mephitic Cloud
  1627 | D:2      | Reached skill level 1 in Poison Magic
  1744 | D:2      | Found Zin's Purification Station.
  1747 | D:2      | Found a glowing silver altar of Zin.
  1879 | D:2      | Found a faded altar of an unknown god.
  1886 | D:2      | Reached XP level 4. HP: 13/29 MP: 9/9
  2114 | D:2      | Found a blossoming altar of Fedhas.
  2115 | D:2      | Found a stormy altar of Qazlal.
  2422 | D:3      | Noticed Terence
  2426 | D:3      | Noticed nago's ghost (amateur VSIE)
  2462 | D:3      | Noticed Robin
  2991 | D:3      | Shot with a sling bullet by a goblin

Skill      XL: |  1  2  3  4 |
---------------+-------------+-----
Fighting       | 1 2 |  2.0
Poison Magic   | 1 2 |  2.4
Dodging        | |  2.0
Stealth        | |  2.6
Spellcasting   | |  3.7
Conjurations   | |  1.3
Summonings     | |  1.0
Translocations | |  1.0

Action                   |  1- 3 |  4- 6 || total
-------------------------+-------+-------++-------
Melee: Unarmed           |    20 |       ||    20
       Constrict         |    23 |    11 ||    34
       Tentacles         |    11 |    13 ||    24
       Short sword       |    24 |       ||    24
       Dagger            |    47 |    65 ||   112
 Cast: Magic Dart        |    14 |     2 ||    16
       Call Imp          |     4 |     7 ||    11
       Blink             |     1 |       ||     1
       Mephitic Cloud    |       |     3 ||     3
  Use: Scroll            |     7 |     1 ||     8
 Stab: Sleeping          |     8 |     6 ||    14
  Eat: Chunk             |     3 |     4 ||     7
Armor: Skin              |     6 |     4 ||    10
Dodge: Dodged            |    52 |    29 ||    81
